 Dungeon Crawl Stone Soup version 0.15-a0-258-g027b8cd (webtiles) character file.

79 PolkaDot the Vexing (level 3, -1/24 HPs)
             Began as a Vampire Enchanter on Apr 27, 2014.
             Slain by a worm (8 damage)
             ... on Level 2 of the Dungeon.
             The game lasted 00:04:28 (1539 turns).

PolkaDot the Vexing (Vampire Enchanter)             Turns: 1539, Time: 00:04:28

HP  -1/24        AC  5     Str  7      XL: 3   Next:  8%
MP   2/6         EV 12     Int 17      God:
Gold 47          SH  0     Dex 15      Spells:  3 memorised,  1 level left

rFire  . . .     SeeInvis +     a - +1 dagger
rCold  + . .     Clarity  .     b - +1 robe
rNeg   + + .     Conserve .     (no shield)
rPois  +         rCorr    .     g - +2 hat
rElec  .         rRot     +     (no cloak)
SustAb . .       Spirit   .     (no gloves)
rMut   .         Warding  .     (no boots)
Saprov . . .     Stasis   .     (no amulet)
MR     .....                    (no ring)
                                (no ring)

@: regenerating slowly, not resistant to hostile enchantments, stealthy
A: fangs 3, see invisible, unbreathing
a: Bat Form


You were on level 2 of the Dungeon.
You were very thirsty.

You visited 1 branch of the dungeon, and saw 2 of its levels.

You collected 47 gold pieces.

Inventory:

Hand weapons
 a - a +1,+1 dagger (weapon)
Missiles
 d - 11 darts (quivered)
Armour
 b - a +1 robe (worn)
 g - a +2 hat (worn)
Scrolls
 f - a scroll of immolation
 h - a scroll of noise
 i - a scroll of identify {unknown}
 k - 2 scrolls of teleportation
Potions
 e - a potion of blood {@w2}
 j - a potion of might {unknown}
 l - a potion of curing {unknown}
 m - a potion of resistance {unknown}
 n - a potion of restore abilities {unknown}
 o - 2 potions of brilliance {unknown}
Books
 c - a book of Maledictions

   Spells                             Type                      Level
   *Corona                            Hexes                        1
   *Sure Blade                        Hexes/Charms                 2
   *Ensorcelled Hibernation           Hexes/Ice                    2
   Confuse                            Hexes                        3
   Dazzling Spray                     Conjuration/Hexes            3
   Enslavement                        Hexes                        4


   Skills:
 + Level 1.9 Short Blades
 - Level 0.7 Throwing
 - Level 2.1 Dodging
 + Level 3.8 Stealth
 - Level 2.0 Spellcasting
 * Level 5.3 Hexes


You had one spell level left.
You knew the following spells:

 Your Spells              Type           Power        Failure   Level  Hunger
a - Corona                Hex            ###....      2%          1    #......
b - Sure Blade            Hex/Chrm       ##........   12%         2    ###....
d - Ensorcelled Hibernat  Hex/Ice        ##....       12%         2    ###....


Dungeon Overview and Level Annotations

Branches:
Dungeon (2/15)

Altars:
Dithmenos


Innate Abilities, Weirdness & Mutations

You heal slowly.
You have razor-sharp teeth.*
You have supernaturally acute eyesight.
You can survive without breathing.*


Message History

Found a scroll of teleportation.
The worm bites you.
You hit the worm.
The worm is lightly wounded.
Casting: Ensorcelled Hibernation
Confirm with . or Enter, or press ? or * to list all spells.
Aiming: Ensorcelled Hibernation
Press: ? - help, Shift-Dir - straight line, f - worm
Aim: a worm (lightly wounded)
The worm resists.
The worm bites you!
* * * LOW HITPOINT WARNING * * *
Casting: Ensorcelled Hibernation
Confirm with . or Enter, or press ? or * to list all spells.
Aiming: Ensorcelled Hibernation
Press: ? - help, Shift-Dir - straight line, f/p - worm
Aim: a worm (lightly wounded)
The worm resists.
* * * LOW MAGIC WARNING * * *
The worm bites you!
You die...

#.##......# #.##.#.#
#.#####.### #.##.#.# #.#
#.# #.##.#.# #.# #.#
#.##.#.# #.# ##+##
#.##.#.# ..# ##...##
#......# #####.....##
####.### ####.......##
##..#
§##<....)...####...######
§§'.........+...@.....?..
.##...>.....####w..######
####.......## ##..#
##.....## ##.# ##...##
#.# ##+## #.. #.# .#


You could see a worm.

Vanquished Creatures
  2 giant geckos
  An ooze (D:1)
  A ball python (D:1)
  A giant cockroach (D:1)
  3 goblins
  3 hobgoblins (D:1)
  3 bats
  5 giant newts (D:1)
  4 jackals (D:1)
  3 kobolds (D:1)
  2 rats (D:1)
28 creatures vanquished.

Notes
Turn   | Place    | Note
--------------------------------------------------------------
     0 | D:1      | PolkaDot, the Vampire Enchanter, began the quest for the Orb.
     0 | D:1      | Reached XP level 1. HP: 13/13 MP: 3/3
   657 | D:1      | Reached XP level 2. HP: 19/19 MP: 2/4
   808 | D:1      | Learned a level 2 spell: Ensorcelled Hibernation
   811 | D:1      | Learned a level 2 spell: Sure Blade
   822 | D:1      | Reached skill level 5 in Hexes
  1456 | D:2      | Found a shadowy altar of Dithmenos.
  1474 | D:2      | Reached XP level 3. HP: 24/24 MP: 6/6
  1539 | D:2      | Slain by a worm

Action                   || total
-------------------------++-------
Melee: Dagger            ||    88
Throw: Dart              ||     1
 Cast: Corona            ||     9
       Ensorcelled Hiber ||     6
  Use: Scroll            ||     5
 Stab: Sleeping          ||     9
       Distracted        ||     1
